AoeStats
← Kind hearted Topi

Arabia

510306816Analyzed
2v2 RM · 2d ago on Sep 30, 2026· 17m 14s· 4 players
Game mode
Random Map
Map size
Medium (4 player)
Population
200
Speed
Normal
Resources
Standard
Victory
Conquest
Starting age
Dark Age
Ending age
Imperial Age
RankedLock teamsTeams togetherTeam positionsShared explorationLock speedFull tech treeHidden civsTurbo modeCheats
Victory
Defeat
🇺🇸 Saxons · United States
902
+18
892
+19
🇫🇮 Inca · Finland
1000
-67
🇨🇱 Britons · Chile
900
-16
Spar27
7:58 Loom
10:19 Feudal Age
15:11 Double-Bit Axe
life_stuck_in_errors
0:26 Loom
12:29 Feudal Age
Shaggy
6:06 Loom
9:06 Feudal Age
Kind hearted Topi
10:50 Feudal Age
Connection lost

Rejoining the realm…

Still unreachable

The connection could not be restored.

Session expired

The server has moved on; the page needs a fresh start.